 Dungeon Crawl Stone Soup version 0.29.1-2-gbd0b4ee654 (webtiles) character file.

Game seed: 18140754349526699532

154 Ivernyr the Chiller (level 5, -5/38 HPs)
             Began as a Barachi Ice Elementalist on Nov 3, 2022.
             Slain by an orc warrior
             ... wielding a +0 halberd
              (20 damage)
             ... on level 4 of the Dungeon.
             The game lasted 00:06:07 (3180 turns).

Ivernyr the Chiller (Barachi Ice Elementalist)      Turns: 3180, Time: 00:06:08

Health: -5/38      AC:  2    Str:  9    XL:     5   Next: 35%
Magic:  4/9        EV: 12    Int: 18    God:
Gold:   58         SH:  0    Dex: 12    Spells: 3/10 levels left

rFire   . . .      SeeInvis .   g - +2 dagger (elec)
rCold   . . .      Faith    .   (no shield)
rNeg    . . .      Spirit   .   a - +0 robe
rPois   .          Reflect  .   (no helmet)
rElec   .          Harm     .   (no cloak)
rCorr   .          Rampage  .   (no gloves)
Will    .....                   (no boots)
Stlth   ++........              (no amulet)
HPRegen 0.12/turn               (no ring)
MPRegen 0.11/turn               (no ring)

@: freezing walls, slow
A: amphibious, slowness 1, strong legs 1, +LOS
a: Hop


You were on level 4 of the Dungeon.
You visited 1 branch of the dungeon, and saw 5 of its levels.

You collected 58 gold pieces.

Inventory:

Hand Weapons
 g - a +2 dagger of electrocution (weapon)
Armour
 a - a +0 robe (worn)
Jewellery
 e - a ring of flight
 k - a ring of fire
 n - the amulet of Elemental Vulnerability {rPois rF-- rC-- AC+8}
   (You found it on level 5 of the Dungeon)

   [amulet of nothing]

   AC:        It affects your AC (+8).
   rF:        It makes you very vulnerable to fire.
   rC:        It makes you very vulnerable to cold.
   rPois:     It protects you from poison.
Scrolls
 d - a scroll of blinking {unknown}
 f - 2 scrolls of identify {unknown}
 h - 3 scrolls of fog {unknown}
 m - 2 scrolls of teleportation {unknown}
Potions
 b - a potion of magic
 c - 2 potions of curing {unknown}
 i - 3 potions of mutation {unknown}
 j - a potion of brilliance {unknown}
 l - 2 potions of resistance {unknown}


   Skills:
 + Level 2.3 Fighting
 + Level 3.2 Dodging
 - Level 1.7 Stealth
 + Level 3.1 Spellcasting
 * Level 6.1 Ice Magic


You had 3 spell levels left.
You knew the following spells:

 Your Spells              Type           Power      Damage    Failure   Level
a - Freeze                Ice            100%       1d11      1%          1
b - Frozen Ramparts       Ice            50%        1d8       3%          3
c - Ozocubu's Armour      Ice            25%        N/A       3%          3

Your spell library contained the following spells:

 Spells                   Type           Power      Damage    Failure   Level
 Sting                    Tmut/Pois      8%         1d3       16%         1
 Poisonous Vapours        Pois/Air       4%         N/A       24%         2
 Hailstorm                Conj/Ice       13%        3d5       41%         4
 Olgreb's Toxic Radiance  Pois           2%         N/A       85%         4


Dungeon Overview and Level Annotations

Branches:
Dungeon (5/15)
 Temple: D:4-7

Altars:
Kikubaaqudgha


Innate Abilities, Weirdness & Mutations

You are amphibious.
You cover ground slowly.
You can hop short distances.
You have an extended range of vision and can be seen from far away.


Message History

You start resting.
HP restored.
An orc warrior comes into view. It is wielding a +0 halberd.
Found an ancient bone altar of Kikubaaqudgha.
Found 9 gold pieces.
The orc warrior shouts!
You hear a shout!
An orc priest comes into view. It is wielding a +0 flail.
Casting: Freeze (safe; 1% risk of failure)
Confirm with . or Enter, or press ? or * to list all spells.
Casting: Frozen Ramparts (dangerous; 3% risk of failure)
Press: ? - help, Dir - look around, f - activate The walls around you are covered in ice.
The orc priest shouts!
The orc priest miscasts a cantrip.
An orc wizard comes into view. It is wielding a +0 dagger.
The wall freezes the orc warrior but does no damage.
The orc warrior hits you from afar with a +0 halberd!
Your frozen ramparts will break if you move.
Continue?
Okay, then.
Your frozen ramparts will break if you move.
Continue? [Y]es or [N]o only, please.
Your frozen ramparts will break if you move.
Continue? [Y]es or [N]o only, please.
Your frozen ramparts will break if you move.
Continue?
The frozen ramparts melt away as you move.
The orc warrior hits you from afar with a +0 halberd!
An orc comes into view. It is wielding a +0 dagger.
The orc shouts!
The orc priest casts a cantrip, but nothing happens.
The orc warrior closely misses you. The orc warrior misses you.
Casting: Frozen Ramparts (dangerous; 3% risk of failure)
Confirm with . or Enter, or press ? or * to list all spells.
Casting: Frozen Ramparts (dangerous; 3% risk of failure)
Press: ? - help, Dir - look around, f - activate The walls around you are covered in ice.
The orc wizard shouts!
The wall freezes the orc warrior.
The orc warrior hits you with a +0 halberd!!
Ouch! That really hurt!
You die...

.## .o###
....##
#....##
##.o..#
###..##
###.###
##..#########
##.oo..o.o@##
##...#####.#
##### ###


You could see an orc warrior, an orc priest, an orc wizard and an orc.

Vanquished Creatures
  A jelly (D:4)
  3 adders
  4 gnolls (D:2)
  A dart slug (D:1)
  4 ball pythons
  4 endoplasms
  3 giant cockroaches
  6 goblins
  6 hobgoblins
  2 jackals (D:3)
  2 quokkas
  3 bats
  6 frilled lizards
  7 kobolds
  4 rats
56 creatures vanquished.

Vanquished Creatures (others)
  6 plants (D:3)
6 creatures vanquished.

Grand Total: 62 creatures vanquished

Notes
Turn   | Place    | Note
-------+----------+-------------------------------------------
     0 | D:1      | Ivernyr the Barachi Ice Elementalist began the quest for
                  | the Orb.
     0 | D:1      | Reached XP level 1. HP: 13/13 MP: 3/3
   385 | D:1      | Reached skill level 5 in Ice Magic
   560 | D:1      | Reached XP level 2. HP: 20/20 MP: 3/5
   825 | D:1      | Reached skill level 1 in Fighting
   951 | D:1      | Reached XP level 3. HP: 22/26 MP: 2/6
  1084 | D:1      | Learned a level 3 spell: Frozen Ramparts
  1088 | D:1      | Learned a level 3 spell: Ozocubu's Armour
  1657 | D:2      | Reached XP level 4. HP: 12/32 MP: 2/8
  2890 | D:3      | Reached skill level 6 in Ice Magic
  2923 | D:3      | Reached XP level 5. HP: 38/38 MP: 6/9
  2963 | D:3      | You fall into a shaft and drop 2 floors!
  2963 | D:5      | Entered Level 5 of the Dungeon
  2963 | D:5      | Found the amulet of Elemental Vulnerability {rPois rF--
                  | rC-- AC+8}
  3149 | D:4      | Found an ancient bone altar of Kikubaaqudgha.
  3149 | D:4      | Noticed an orc warrior
  3180 | D:4      | Slain by an orc warrior

Illustrated notes

Levels and vault maps discovered:
D:1:      dpeg_arrival_boxorama, layout_basic, serial_corexii_hall,
          corexii_hall_statues_i, corexii_hall_statues_x,
          minmay_tree_intersection
D:2:      layout_loops_ring
D:3:      layout_rooms, mainiacjoe_overflow_alcove_4,
          dreamdust_ecumenical_altar_angels_and_demons, grunt_ministairs_1,
          st_stairs_14, minmay_misc_feat_plants
D:4:      layout_layer_cave, nicolae_kikubaaqudgha_miasma_corner
D:5:      layout_cave_pools

Skill      XL: |  1  2  3  4 |
---------------+-------------+-----
Ice Magic      | 5 6 |  6.1
Fighting       | 1 2 |  2.3
Dodging        | 3 |  3.2
Spellcasting   | 3 |  3.1
Stealth        | |  1.7

Action                   |  1- 3 |  4- 6 || total
-------------------------+-------+-------++-------
Melee: Unarmed           |     8 |       ||     8
       Dagger            |    15 |    12 ||    27
 Cast: Freeze            |    38 |    30 ||    68
       Frozen Ramparts   |     1 |     2 ||     3
 Stab: Sleeping          |     1 |       ||     1
Armor: Robe              |     5 |     4 ||     9
Dodge: Dodged            |    44 |    19 ||    63
